 Dungeon Crawl Stone Soup version 0.30.1-4-g462c640d31 (webtiles) character file.

Game seed: 6721718121069572668

6948 Wiggles the Cleaver (level 10, -7/92 (93) HPs)
             Began as a Minotaur Berserker on Sept 8, 2023.
             Was a Priest of Trog.
             Mangled by a troll (8 damage)
             ... while paralysed by a hornet
             ... on level 10 of the Dungeon.
             The game lasted 00:13:37 (8305 turns).

Wiggles the Cleaver (Minotaur Berserker)            Turns: 8305, Time: 00:13:38

HP:   -7/92 (93)    AC: 21    Str: 26    XL:     10   Next: 80%
MP:   9/9           EV:  2    Int:  4    God:    Trog [***...]
Gold: 602           SH:  0    Dex: 16    Spells: 9/9 levels left

rFire   . . .        H - +1 war axe (freeze)
rCold   . . .        (no shield)
rNeg    . . .        k - +0 plate armour
rPois   .            (helmet restricted)
rElec   .            (no cloak)
rCorr   +            x - +4 pair of gloves of the Blind Marksman {rCorr}
SInv    .            i - +0 pair of boots
Will    .....        n - amulet of reflection Stlth
                     s - +6 ring of dexterity
HPRegen 0.35/turn    a - ring of resist corrosion
MPRegen 0.11/turn

%: reflection
@: paralysed, lethally poisoned (-7 -> -21), on berserk cooldown, slowed,
lightly drained
A: horns 2, retaliatory headbutt
a: Renounce Religion, Berserk, Trog's Hand


You were on level 10 of the Dungeon.
You worshipped Trog.
Trog was most pleased with you.
You visited 1 branch of the dungeon, and saw 10 of its levels.
You also visited: Ossuary.

You collected 602 gold pieces.

Inventory:

Hand Weapons
 H - a +1 war axe of freezing (weapon)
Armour
 i - a +0 pair of boots (worn)
 k - a +0 plate armour (worn)
 x - the +4 pair of gloves of the Blind Marksman (worn) {rCorr}
   (You acquired it on level 8 of the Dungeon)

   rCorr:     It protects you from acid and corrosion.
Jewellery
 a - a ring of resist corrosion (right hand)
 j - an amulet of faith
 n - an amulet of reflection (around neck)
 s - a +6 ring of dexterity (left hand)
Wands
 d - a wand of paralysis (8)
 h - a wand of iceblast (10)
 A - a wand of light (6)
 D - a wand of flame (10)
 F - a wand of digging (10)
Scrolls
 b - 4 scrolls of teleportation
 c - 3 scrolls of blinking
 e - 3 scrolls of magic mapping
 f - 4 scrolls of noise
 o - 2 scrolls of poison
 w - 2 scrolls of fear
 y - 2 scrolls of vulnerability
 C - a scroll of summoning
 I - a scroll of silence
 J - 2 scrolls of identify
 K - a scroll of fog
Potions
 g - 2 potions of haste
 m - 2 potions of mutation
 p - 2 potions of might
 q - 5 potions of attraction
 r - 2 potions of cancellation {unknown}
 t - a potion of magic {unknown}
 u - 2 potions of brilliance {unknown}
 v - 5 potions of flight
 z - 2 potions of lignification {unknown}
 B - 6 potions of curing
 E - 2 potions of heal wounds {unknown}
 G - 2 potions of degeneration {unknown}
Miscellaneous
 l - a piece from Xom's chessboard (15/15)


   Skills:
 + Level 10.1 Fighting
 + Level 13.6 Axes
 + Level 10.2 Armour
 + Level 3.1 Dodging
 + Level 0.9 Stealth
 + Level 4.7 Shields


You had 9 spell levels left.
You didn't know any spells.
Your spell library was empty.

Dungeon Overview and Level Annotations

Branches:
Dungeon (10/15)            Temple (0/1) D:5            Lair (0/5) D:9
Ossuary (visited)
    Orc: D:9-12

Altars:
Ashenzari
Cheibriados
Dithmenos
Elyvilon
Fedhas
Gozag
Hepliaklqana
Ru
Trog
Vehumet
Xom
Yredelemnul
Zin

Shops:
D:5 (


Innate Abilities, Weirdness & Mutations

You have a pair of horns on your head.
You reflexively headbutt those who attack you in melee.


Message History

The hornet is severely wounded.
You hit the troll but do no damage.
You feel very sick. The hornet stings you!
You feel as though you will be slow longer.
The troll bites you. The troll claws you but does no damage.
The troll claws you!
You completely miss the hornet. You headbutt the hornet.
The hornet is severely wounded.
You hit the troll. You freeze the troll.
You feel sick. The hornet misses you. You furiously retaliate!
You headbutt the hornet!
The hornet stings you but does no damage.
The troll closely misses you. You furiously retaliate!
You headbutt the troll. The troll claws you but does no damage.
The troll barely misses you.
The hornet stings you but does no damage.
You hit the hornet but do no damage. Your headbutt misses the hornet.
The hornet is almost dead.
You slash the troll! You freeze the troll.
You feel sick. The troll bites you but does no damage.
The troll closely misses you. The troll claws you but does no damage.
The hornet closely misses you.
You closely miss the hornet. Your headbutt misses the hornet.
The hornet is almost dead.
You slash the troll! You freeze the troll.
You feel sick. The hornet stings you!
* * * LOW HITPOINT WARNING * * *
You suddenly lose the ability to move!
The troll bites you but does no damage.
The troll claws you but does no damage. x2
The hornet stings you but does no damage.
The troll bites you.
* * * LOW HITPOINT WARNING * * *
The troll claws you but does no damage. x2
You feel sick. The hornet stings you!
* * * LOW HITPOINT WARNING * * *
You feel as though you will be slow longer.
The hornet stings you!
* * * LOW HITPOINT WARNING * * *
You are more poisoned.
You feel as though you will be slow longer.
The troll bites you!
You die...

#..#.....#
###.####.#
###.####.##
#..........
#.#)##.#.##
#.#.##.#.# #
#)##.#.#
#.##.#.###.###
#.#)#.@y......
#.?###.T...###
###.#.###..#
#.# .# #... ..
# ### .. . # #


You could see a troll and a hornet.

Vanquished Creatures
  2 two-headed ogres (D:9)
  A troll (D:9)
  Grinder (D:6)
  A vampire (D:8)
  A wyvern (D:7)
  2 wraiths (D:10)
  2 steam dragons (D:8)
  An acid dragon (D:10)
  3 black bears
  An orc warrior (D:10)
  3 sky beasts
  3 ogres
  2 ice beasts
  2 centaurs
  2 phantoms
  A kobold brigand (D:8)
  Blork the orc (D:6)
  3 bullfrogs
  A gnoll sergeant (D:6)
  9 scorpions
  8 wights
  12 killer bees
  A centaur zombie (Ossuary)
  7 hounds
  A jelly (D:7)
  3 orc priests
  5 iguanas
  A gnoll bouda (D:8)
  6 orc wizards
  7 scorpion zombies (Ossuary)
  3 mummies (Ossuary)
  11 gnolls
  9 adders
  3 shadow imps
  3 white imps
  A worm (D:5)
  3 dart slugs
  17 orcs
  6 endoplasms
  5 giant cockroaches
  7 goblins
  6 hobgoblins
  6 jackals (D:1)
  9 kobolds
  3 quokkas
  6 ball pythons
  7 bats
  4 frilled lizards
  5 gnoll zombies
  A hobgoblin zombie (Ossuary)
  3 kobold zombies
  An orc zombie (Ossuary)
  6 rats
218 creatures vanquished.

Notes
Turn   | Place    | Note
-------+----------+-------------------------------------------
     0 | D:1      | Wiggles the Minotaur Berserker began the quest for the Orb.
     0 | D:1      | Reached XP level 1. HP: 19/19 MP: 0/0
   175 | D:1      | Reached XP level 2. HP: 25/27 MP: 1/1
   178 | D:1      | Reached skill level 4 in Axes
   405 | D:1      | Reached ** piety under Trog
   461 | D:1      | Reached XP level 3. HP: 32/33 MP: 2/2
   532 | D:2      | Found a faded altar of an unknown god.
   693 | D:2      | Found a bloodstained altar of Trog.
   805 | D:2      | You fall into a shaft and drop 1 floor!
   821 | D:3      | Found an opulent altar of Gozag.
  1437 | D:3      | Identified the +9 sling of the Assorted Youths {freeze,
                  | *Corrode rF+ rC+ Int+4}
  1463 | D:3      | Reached XP level 4. HP: 41/41 MP: 3/3
  1519 | D:3      | Reached skill level 5 in Axes
  1640 | D:3      | Noticed an ogre
  1648 | D:3      | Killed an ogre
  1649 | D:3      | Reached XP level 5. HP: 45/47 MP: 4/4
  1690 | D:3      | Found a hazy altar of Hepliaklqana.
  1887 | D:4      | Reached skill level 6 in Axes
  1900 | D:4      | Reached XP level 6. HP: 55/55 MP: 5/5
  1980 | D:4      | Reached skill level 5 in Fighting
  2056 | D:4      | Found a sand-covered staircase.
  2063 | D:4      | Reached skill level 7 in Axes
  2072 | Ossuary  | Entered an ossuary
  2124 | Ossuary  | Reached XP level 7. HP: 59/61 MP: 6/6
  2184 | Ossuary  | Reached skill level 8 in Axes
  2255 | Ossuary  | Reached skill level 1 in Shields
  2296 | Ossuary  | Reached skill level 5 in Armour
  2431 | Ossuary  | Reached skill level 9 in Axes
  2431 | Ossuary  | Reached XP level 8. HP: 67/70 MP: 7/7
  2680 | D:4      | Identified the +1 short sword "Riazxaet" {freeze, rElec
                  | Int+4 Dex+3}
  2710 | D:4      | Found a white marble altar of Elyvilon.
  2860 | D:4      | Reached skill level 10 in Axes
  2981 | D:4      | Reached *** piety under Trog
  3042 | D:5      | Entered Level 5 of the Dungeon
  3305 | D:5      | Found Amauj's Weapon Emporium.
  3472 | D:5      | Found a staircase to the Ecumenical Temple.
  3787 | D:6      | Reached XP level 9. HP: 79/79 MP: 8/8
  3857 | D:6      | Found a snail-covered altar of Cheibriados.
  4002 | D:6      | Reached skill level 11 in Axes
  4070 | D:6      | Noticed Grinder
  4084 | D:6      | Killed Grinder
  4148 | D:6      | Found a shadowy altar of Dithmenos.
  4298 | D:6      | Noticed Blork the orc
  4306 | D:6      | Killed Blork the orc
  4911 | D:7      | Found a broken altar of Ashenzari.
  5087 | D:7      | Found a basalt altar of Yredelemnul.
  5231 | D:7      | Reached skill level 12 in Axes
  5307 | D:7      | Reached **** piety under Trog
  5990 | D:8      | Found a glowing silver altar of Zin.
  6095 | D:8      | Reached XP level 10. HP: 91/91 MP: 9/9
  6744 | D:8      | Identified a scroll of acquirement
  6744 | D:8      | Acquired the +4 pair of gloves of the Blind Marksman
                  | {rCorr}
  6780 | D:9      | Found a staircase to the Lair.
  7088 | D:9      | Noticed a two-headed ogre
  7093 | D:9      | Killed a two-headed ogre
  7094 | D:9      | Reached skill level 13 in Axes
  7340 | D:9      | Noticed a two-headed ogre
  7352 | D:9      | Killed a two-headed ogre
  7556 | D:9      | Found a radiant altar of Vehumet.
  7606 | D:9      | Found a sacrificial altar of Ru.
  7614 | D:9      | Found a blossoming altar of Fedhas.
  7833 | D:10     | Entered Level 10 of the Dungeon
  8111 | D:10     | Reached skill level 10 in Fighting
  8111 | D:10     | Reached skill level 10 in Armour
  8239 | D:10     | Found a shimmering altar of Xom.
  8241 | D:10     | Found a shimmering altar of Xom.
  8241 | D:10     | Found a shimmering altar of Xom.
  8241 | D:10     | Found a shimmering altar of Xom.
  8241 | D:10     | Found a shimmering altar of Xom.
  8242 | D:10     | Found a shimmering altar of Xom.
  8304 | D:10     | Paralysed by a hornet for 3 turns
  8305 | D:10     | HP: 1/92 [hornet (8)]
  8305 | D:10     | Mangled by a troll

Illustrated notes

Levels and vault maps discovered:
D:1:      minmay_arrival_widening_spiral_wide, layout_basic
D:2:      layout_loops_corners, basic_altar, shapermc_ecumenical_altar_gd
D:3:      layout_rooms, mainiacjoe_overflow_six_doors_small,
          mainiacjoe_overflow_cross_hatched
D:4:      layout_basic, lemuel_round_altar, enter_ossuary_3,
          minmay_fractal_squares_5
D:5:      layout_cave_pools, minmay_temple_entry_trees, serial_shops, shop,
          minmay_a_box_with_orc_wizards_in_it
D:6:      layout_basic, mainiacjoe_overflow_alcove_4, mainiacjoe_overflow_paths,
          uniq_blork_the_orc, uniq_grinder
D:7:      layout_gridville, mainiacjoe_overflow_chevrons,
          evilmike_ruin_ashenzari, minmay_puff
D:8:      layout_basic, overflow_temple_1_default
D:9:      layout_loops_ring, nicolae_overflow_hidden_temple, minitemple,
          dpeg_oklobed_lair, hellmonk_bongcloud_opening
D:10:     layout_loops_ring, xom_shifter_show, minmay_misc_feat_four_crosses,
          serial_park_tiny_1, serial_park_tiny_2, st_stairs_3,
          serial_bayou_pond_c

Skill      XL: |  1  2  3  4  5  6  7  8  9 10 |
---------------+-------------------------------+-----
Fighting       | 4 5 6 7 9 10 | 10.1
Axes           | 4 5 6 7 9 10 12 13 | 13.6
Armour         | 3 4 5 6 8 10 | 10.2
Dodging        | 3 |  3.1
Shields        | 1 2 3 4 |  4.7
Stealth        | |  0.9

Action                     |  1- 3 |  4- 6 |  7- 9 | 10-12 || total
---------------------------+-------+-------+-------+-------++-------
  Melee: Hand axe          |    85 |    77 |   270 |       ||   432
         Headbutt          |     8 |    13 |    82 |    26 ||   129
         Punch             |     1 |       |     8 |       ||     9
         War axe           |       |       |    63 |   117 ||   180
 Invoke: Berserk           |       |     3 |     7 |     3 ||    13
    Use: Scroll            |       |       |    17 |     3 ||    20
 Armour: Chain mail        |    31 |       |       |       ||    31
         Ring mail         |     7 |       |       |       ||     7
         Plate armour      |     5 |    47 |   163 |    95 ||   310
  Dodge: Dodged            |    54 |    21 |    92 |    69 ||   236
  Block: Other             |       |     9 |    61 |    40 ||   110
         Reflection        |       |       |     4 |     1 ||     5
